 Dungeon Crawl Stone Soup version 0.26-a0-1205-g4083c211ab (webtiles) character file.

Game seed: 3029514711085976719

14 jestyr24 the Conjurer (level 2, 0/20 HPs)
             Began as a Draconian Conjurer on Dec 30, 2020.
             Slain by a jackal (1 damage)
             ... on level 1 of the Dungeon.
             The game lasted 00:01:43 (307 turns).

jestyr24 the Conjurer (Draconian Conjurer)           Turns: 307, Time: 00:01:44

Health: 0/20       AC:  4    Str:  9    XL:     2   Next: 27%
Magic:  2/5        EV: 12    Int: 18    God:
Gold:   14         SH:  0    Dex:  9    Spells: 4/5 levels left

rFire    . . .     SeeInvis .   b - +0 dagger
rCold    . . .     Faith    .   (no shield)
rNeg     . . .     Spirit   .   (armour unavailable)
rPois    .         Reflect  .   (helmet restricted)
rElec    .         Harm     .   (no cloak)
rCorr    .         Rampage  .   (no gloves)
Will     .....                  (no boots)
Stlth    ++........             (no amulet)
HPRegen  0.06/turn              (no ring)
MPRegen  0.09/turn              (no ring)

@: no status effects
A: unfitting armour, cold-blooded, AC +4
a: no special abilities


You were on level 1 of the Dungeon.
You visited 1 branch of the dungeon, and saw 1 of its levels.

You collected 14 gold pieces.

Inventory:

Hand Weapons
 b - a +0 dagger (weapon)
 c - a +0 short sword
Missiles
 d - 32 stones
Scrolls
 a - 2 scrolls of magic mapping {unknown}
Potions
 e - a potion of curing {unknown}


   Skills:
 + Level 1.7 Dodging
 + Level 1.8 Stealth
 + Level 2.1 Spellcasting
 + Level 4.5 Conjurations


You had 4 spell levels left.
You knew the following spells:

 Your Spells              Type           Power        Failure   Level
a - Magic Dart            Conj           72%          2%          1

Your spell library contained the following spells:

 Spells                   Type           Power        Failure   Level
 Searing Ray              Conj           36%          4%          2
 Dazzling Flash           Conj/Hex       20%          22%         3
 Fulminant Prism          Conj/Hex       5%           56%         4
 Iskenderun's Mystic Bla  Conj/Tloc      10%          56%         4


Dungeon Overview and Level Annotations

Branches:
Dungeon (1/15)

Altars:


Innate Abilities, Weirdness & Mutations

Your plain brown scales are hard. (AC +4)
You cannot fit into any form of body armour.
You are cold-blooded and may be slowed by cold attacks.


Message History

The jackal misses you.
The jackal bites you but does no damage.
You hit the jackal.
The jackal is moderately wounded.
The jackal barely misses you. The jackal closely misses you.
You closely miss the jackal.
Your tail-slap misses the jackal.
The jackal is moderately wounded.
The jackal closely misses you.
The jackal bites you but does no damage.
The jackal closely misses you.
You hit the jackal but do no damage.
The jackal is moderately wounded.
The jackal bites you but does no damage.
The jackal barely misses you. x2
You barely miss the jackal.
The jackal is moderately wounded.
The jackal bites you but does no damage.
The jackal barely misses you. The jackal closely misses you.
You closely miss the jackal. The jackal bites you.
You die...

## ##.# #....l...
# #.## #.....h..
..#.# # ##.#
#.hlh.h.. ..#.###
# #.# #......#
...... #.# #.#
####+#.#.# ###
##[# #l#
#........# #<#
#.##
#.######........#
. #.####.#
#.#.†...........#
. ##.##.##
#.#@†...........#
.# ##..##
#.hh[.........#.#
#. ####
######..###.###.#
#.##
#....#..†....#
##.# #######
#.##.#.###)###.#
.#.## #.....# #.
#...#.......#
.'#.## #.....# #
###.#.###...#
.###.####.....#
#. #.(.# ...# .#
##...#.....#
#.#####..#.# #...


You could see 2 jackals.

Vanquished Creatures
  4 bats (D:1)
  2 hobgoblins (D:1)
  2 jackals (D:1)
  2 kobolds (D:1)
  2 frilled lizards (D:1)
  A rat (D:1)
13 creatures vanquished.

Notes
Turn   | Place    | Note
-------+----------+-------------------------------------------
     0 | D:1      | jestyr24 the Draconian Conjurer began the quest for the
                  | Orb.
     0 | D:1      | Reached XP level 1. HP: 14/14 MP: 3/3
   134 | D:1      | Reached XP level 2. HP: 19/20 MP: 5/5
   301 | D:1      | HP: 1/20 [jackal (1)]
   307 | D:1      | Slain by a jackal

Illustrated notes

Levels and vault maps discovered:
D:1:      dpeg_arrival_solitude, layout_basic, hangedman_abyss_or_decor_stabs

Action                   || total
-------------------------++-------
Melee: Dagger            ||    33
       Unarmed           ||     1
       Tailslap          ||     3
 Cast: Magic Dart        ||    11
 Stab: Sleeping          ||     2
Armor: Skin              ||    39
Dodge: Dodged            ||    48

Table legend: (Time is in decaauts)
 A = Elapsed time spent in this place.
 B = Non-inter-level travel time spent in this place.
 C = Inter-level travel time spent in this place.
 D = Time resting spent in this place.
 E = Time spent auto-exploring this place.
 F = Levels seen in this place.
 G = Mean time per level.
                   A        B        C        D        E       F      G
               +--------+--------+--------+--------+--------+-----+--------+
         Total |    306 |    306 |      0 |     29 |    139 |   1 |  306.0 |
       Dungeon |    306 |    306 |      0 |     29 |    139 |   1 |  306.0 |
               +--------+--------+--------+--------+--------+-----+--------+

Top non-repeatable levels by time:
     D:1: 306 daAuts
